 Dungeon Crawl Stone Soup version 0.31-a0-115-g4708a659fe (webtiles) character file.

Game seed: 9959686905743003018

6461 avis the Sneak (level 11, 0/112 HPs)
             Began as an Octopode Transmuter on May 29, 2023.
             Was an Initiate of Gozag.
             Engulfed by a fire crab's flame (15 damage)
             ... on level 9 of the Dungeon.
             The game lasted 01:26:38 (11562 turns).

avis the Sneak (Octopode Transmuter)               Turns: 11562, Time: 01:26:39

Health: 0/112      AC:  2    Str: 10    XL:     11   Next: 0%
Magic:  17/17      EV: 35    Int: 22    God:    Gozag
Gold:   110        SH:  0    Dex: 21    Spells: 1/18 levels left

rFire   . . .        a - melded +10 short sword of the Shining Light {freeze, Dex+3 SInv}
rCold   . . .        c - melded +1 buckler {rPois}
rNeg    . . .        (helmet currently unavailable)
rPois   x            (no amulet)
rElec   .            b - +5 ring of evasion
rCorr   +            A - ring of resist corrosion
SInv    .            N - +6 ring of intelligence
Will    .....        K - +5 ring of evasion Stlth
                     (no ring)
HPRegen 0.38/turn    (no ring)
MPRegen 0.15/turn    (no ring)
                     (no ring)

%: no passive effects
@: berserking, spider-form (expiring), very quick
A: venomous fangs, almost no armour, (amphibious), 8 rings, tiny, (camouflage
1), (gelatinous body 1), (nimble swimmer 1), (tentacles)
a: End Transformation, Renounce Religion, Potion Petition, Call Merchant, Bribe
Branch


You were on level 9 of the Dungeon.
You worshipped Gozag.
Gozag was aware of your devotion.
You were a venomous arachnid creature.
You visited 2 branches of the dungeon, and saw 10 of its levels.
You also visited: Sewer and Bailey.

You collected 1310 gold pieces.
You spent 1117 gold pieces at shops.
You paid 83 gold pieces to Gozag.

Inventory:

Hand Weapons
 a - the +10 short sword of the Shining Light (melded) {freeze, Dex+3 SInv}
   (You took it off a kobold in a bailey)

   Dex:       It affects your dexterity (+3).
   SInv:      It lets you see invisible.
 B - a +0 short sword of speed
 E - a +0 short sword of draining
 G - a +2 dire flail of protection
 I - a +5 battleaxe
Missiles
 j - 22 poisoned darts
 x - 28 boomerangs
 D - a curare-tipped dart
Armour
 c - a +1 buckler of poison resistance (melded)
Jewellery
 b - a +5 ring of evasion (left front pincers)
 A - a ring of resist corrosion (right front pincers)
 K - a +5 ring of evasion (on tentacle)
 N - a +6 ring of intelligence (on tentacle)
Wands
 C - a wand of mindburst (16)
 H - a wand of iceblast (2)
 Q - a wand of acid (15)
Scrolls
 f - 3 scrolls of enchant armour {unknown}
 g - 2 scrolls of immolation {unknown}
 h - 3 scrolls of magic mapping {unknown}
 i - 3 scrolls of teleportation {unknown}
 n - 4 scrolls of identify {unknown}
 o - 3 scrolls of vulnerability {unknown}
 r - 3 scrolls of silence {unknown}
 s - a scroll of blinking {unknown}
 v - a scroll of noise {unknown}
 w - a scroll of torment {unknown}
 y - a scroll of amnesia {unknown}
 z - 2 scrolls of fog {unknown}
 J - 2 scrolls of fear {unknown}
Potions
 d - 2 potions of curing
 e - 2 potions of magic {unknown}
 k - 6 potions of enlightenment
 l - 4 potions of heal wounds {unknown}
 m - a potion of ambrosia {unknown}
 p - a potion of invisibility {unknown}
 q - a potion of lignification
 t - 3 potions of mutation {unknown}
 u - a potion of berserk rage
 F - 2 potions of cancellation {unknown}
 P - 2 potions of brilliance {unknown}
Miscellaneous
 L - a phial of floods (inert)
 M - a box of beasts (inert)


   Skills:
 - Level 7.0 Fighting
 - Level 7.0 Dodging
 - Level 7.0 Stealth
 - Level 7.0 Shields
 - Level 7.0 Unarmed Combat
 - Level 4.0 Spellcasting
 * Level 5.1 Transmutations
 - Level 4.0 Ice Magic
 - Level 2.0 Poison Magic


You had one spell level left.
You knew the following spells:

 Your Spells              Type           Power      Damage    Failure   Level
a - Beastly Appendage     Tmut           54%        N/A       6%          1
e - Wereblood             Tmut           27%        N/A       8%          2
p - Spider Form           Tmut/Pois      20%        N/A       21%         3
q - Ice Form              Ice/Tmut       24%        N/A       36%         4
D - Dragon Form           Tmut           13%        N/A       100%        7

Your spell library contained the following spells:

 Spells                   Type           Power      Damage    Failure   Level
 Sting                    Tmut/Pois      80%        1d7       10%         1
 Apportation              Tloc           8%         N/A       26%         1
 Necrotise                Necr           16%        1d4       26%         1
 Summon Small Mammal      Summ           16%        N/A       26%         1
 Poisonous Vapours        Pois/Air       16%        N/A       26%         2
 Sublimation of Blood     Necr           4%         N/A       36%         2
 Inner Flame              Hex/Fire       4%         N/A       54%         3
 Olgreb's Toxic Radiance  Pois           13%        N/A       65%         4
 Cause Fear               Hex            2%         N/A       88%         4
 Yara's Violent Unravell  Hex/Tmut       7%         3d5       88%         5
 Enfeeble                 Hex            2%         N/A       100%        7
 Summon Hydra             Summ           2%         N/A       100%        7
 Dragon's Call            Summ           2%         N/A       100%        9


Dungeon Overview and Level Annotations

Branches:
Dungeon (9/15)             Temple (1/1) D:5            Lair (0/5) D:9
  Sewer (visited)          Bailey (visited)
    Orc: D:9-12

Altars:
Ashenzari
Cheibriados
Dithmenos
Fedhas
Gozag
Hepliaklqana
Makhleb
Okawaru
Ru
Sif Muna
Trog
Uskayaw
Vehumet
Wu Jian
Xom
Yredelemnul
Zin
The Shining One

Shops:
D:3 [   D:6 *


Innate Abilities, Weirdness & Mutations

You are a venomous arachnid creature.
You have venomous fangs.
You are tiny and dextrous.
Your spellcasting is less reliable in this form.
Your armour is entirely melded.
You are incapable of wielding weapons or throwing items.
You cannot wear most types of armour.
((You are amphibious.))
You can wear up to eight rings at the same time.
((Your skin changes colour to match your surroundings (Stealth+).))
((Your rubbery body absorbs attacks. (AC +1, EV +1)))
((You are camouflaged when in or above water. (Stealth+)))
((You have tentacles for arms and can constrict up to eight enemies at once.))


Message History

The +10 short sword of the Shining Light {freeze, Dex+3 SInv} stops glowing.
You no longer feel resistant to poison.
Found a leather armour.
You see here a +0 leather armour.
The fire crab breathes flames at you. The blast of flame engulfs you!
You are engulfed in blazing flames.
The fire crab breathes flames at you. The blast of flame engulfs you!
You are engulfed in blazing flames.
* * * LOW HITPOINT WARNING * * *
Found 10 gold pieces.
Your transformation is almost over.
You feel better.
A red film seems to cover your vision as you go berserk!
You feel yourself moving faster!
You feel mighty!
You hit the fire crab but do no damage.
The fire crab is poisoned.
You barely miss the fire crab. The fire crab completely misses you.
The fire crab claws you.
You are engulfed in flames!
* * * LOW HITPOINT WARNING * * *
You hit the fire crab.
The fire crab looks as sick as possible!
The fire crab is lightly wounded.
The fire crab completely misses you. The fire crab closely misses you.
You hit the fire crab.
The fire crab looks as sick as possible!
The fire crab is lightly wounded.
You bite the fire crab!
The fire crab is heavily wounded.
The fire crab breathes flames at you. The blast of flame engulfs you.
* * * LOW HITPOINT WARNING * * *
You hit the fire crab but do no damage.
The fire crab looks as sick as possible!
The fire crab is heavily wounded.
You are engulfed in blazing flames.
* * * LOW HITPOINT WARNING * * *
You are engulfed in blazing flames.
You die...
Your body crumbles into a pile of gold.

#.#.###.#.#.#....#.
#.#.# #.#.#.#....#.
#.#.###.#...+......
#.#[#...###.#....##
#.#.#...#...#.##...
###.#.#...##.##.##..#
#.....#...##.##.##...
#t#..##......##.##..#
#.##s##..###.##.#####
#.#○°.#..##...#......
#.t°8°##(##.8.+.#####
#°#°°..#.#....#.#
#.##...###...##.#
#$##....#....#..#
#.###....[..##.## #.#
#.>.8.>.##.## #.#
#.......##..#


You could see a fire crab (extremely poisoned).

Vanquished Creatures
  A centaur warrior (D:8)
  Pikel (D:7)
  An orc knight (Bailey)
  A deep elf pyromancer (D:8)
  A cyclops (D:8)
  A troll (D:9)
  Sigmund (D:6)
  An acid dragon (D:8)
  A water moccasin (D:9)
  A black bear (D:7)
  7 orc warriors
  Pargi (Sewer)
  3 ice beasts
  3 ogres
  3 centaurs (D:8)
  A phantom (D:4)
  2 kobold brigands
  2 bullfrogs
  9 wights
  5 howler monkeys
  3 hounds
  3 jellies
  5 orc priests
  5 iguanas
  3 sleepcaps
  9 orc wizards
  2 gnolls (Bailey)
  7 adders
  A shadow imp (D:6)
  2 white imps (D:6)
  3 worms
  2 dart slugs (D:2)
  34 orcs
  2 endoplasms (D:4)
  7 giant cockroaches
  11 goblins
  7 hobgoblins
  5 jackals (D:4)
  31 kobolds
  6 quokkas
  5 ball pythons
  7 bats
  5 frilled lizards
  7 rats
  A spectral orc (D:3)
219 creatures vanquished.

Notes
Turn   | Place    | Note
-------+----------+-------------------------------------------
     0 | D:1      | avis the Octopode Transmuter began the quest for the Orb.
     0 | D:1      | Reached XP level 1. HP: 13/13 MP: 3/3
   193 | D:1      | Reached skill level 1 in Stealth
   327 | D:1      | Reached XP level 2. HP: 18/18 MP: 3/5
   699 | D:1      | Learned a level 2 spell: Wereblood
   996 | D:2      | Reached XP level 3. HP: 23/23 MP: 4/6
  1011 | D:2      | Learned a level 3 spell: Spider Form
  1122 | D:2      | Reached skill level 1 in Poison Magic
  1563 | D:3      | Reached XP level 4. HP: 29/29 MP: 7/7
  1716 | D:3      | Reached XP level 5. HP: 27/36 MP: 5/8
  1811 | D:3      | Found Ciheorchy's Antique Armour Emporium.
  2285 | D:3      | Found a basalt altar of Yredelemnul.
  2341 | D:3      | Found a faded altar of an unknown god.
  2674 | D:4      | Noticed a phantom
  2854 | D:4      | Killed a phantom
  2855 | D:4      | Reached XP level 6. HP: 36/42 MP: 6/10
  3040 | D:4      | Found a glowing drain.
  3059 | Sewer    | Entered a sewer
  3110 | Sewer    | Noticed Pargi
  3126 | Sewer    | Killed Pargi
  3127 | Sewer    | Reached XP level 7. HP: 25/46 MP: 5/11
  3227 | D:4      | Learned a level 4 spell: Ice Form
  3294 | D:4      | Found a broken altar of Ashenzari.
  3761 | D:5      | Entered Level 5 of the Dungeon
  4448 | D:5      | Found a staircase to the Ecumenical Temple.
  4461 | Temple   | Entered the Ecumenical Temple
  4466 | Temple   | Became a worshipper of Gozag Ym Sagoz the Greedy
  4671 | D:5      | Reached XP level 8. HP: 54/54 MP: 9/12
  4926 | D:3      | Bought a runed buckler for 217 gold pieces
  5372 | D:6      | Reached skill level 1 in Shields
  5482 | D:6      | Reached skill level 5 in Stealth
  5518 | D:6      | Found Utwenaru's Assorted Antiques.
  5591 | D:6      | Reached skill level 5 in Dodging
  5594 | D:6      | Reached skill level 5 in Fighting
  5612 | D:6      | Found a shimmering blue altar of Sif Muna.
  5748 | D:6      | Noticed Sigmund
  5786 | D:6      | Killed Sigmund
  5787 | D:6      | Reached skill level 5 in Unarmed Combat
  5937 | D:6      | Reached XP level 9. HP: 61/61 MP: 10/13
  6178 | D:6      | Reached skill level 5 in Shields
  6454 | D:7      | Reached skill level 5 in Transmutations
  7061 | D:7      | Reached skill level 1 in Ice Magic
  7208 | D:7      | Found a blossoming altar of Fedhas.
  7209 | D:7      | Found a shadowy altar of Dithmenos.
  7210 | D:7      | Found a shimmering altar of Xom.
  7365 | D:7      | Noticed Pikel
  7372 | D:7      | Killed Pikel
  7557 | D:8      | Found an ornate altar of the Wu Jian Council.
  7911 | D:8      | Found a flagged portal.
  7958 | D:8      | Reached XP level 10. HP: 14/66 MP: 5/16
  7965 | Bailey   | Entered a bailey
  8202 | Bailey   | Identified the +4 leather armour of Amorality {Int+3}
  8317 | Bailey   | Noticed an orc knight
  8411 | Bailey   | Identified the +10 short sword of the Shining Light
                  | {freeze, Dex+3 SInv}
  8438 | Bailey   | Killed an orc knight
  8709 | D:8      | Found a hide-covered altar of Uskayaw.
  9117 | D:5      | Learned a level 7 spell: Dragon Form
  9538 | D:8      | Noticed a cyclops
  9549 | D:8      | Killed a cyclops
  9835 | D:8      | Noticed a centaur warrior
  9850 | D:8      | Killed a centaur warrior
 10112 | D:8      | Noticed a deep elf pyromancer
 10143 | D:8      | Killed a deep elf pyromancer
 10475 | D:9      | Noticed a fire crab
 10475 | D:9      | Found a staircase to the Lair.
 11323 | D:6      | Bought a +5 ring of evasion for 900 gold pieces
 11463 | D:9      | Reached XP level 11. HP: 75/75 MP: 13/17
 11562 | D:9      | Engulfed by a fire crab's flame

Illustrated notes

Levels and vault maps discovered:
D:1:      dpeg_arrival_pits, layout_basic, minmay_heptomino_d4
D:2:      layout_basic
D:3:      layout_basic, yredelemnul_forgotten_temple_becter, serial_shops,
          nicolae_square_shop, chequers_ecumenical_altar_grove, minmay_cupped
D:4:      layout_basic, ashenzari_conservatory_becter, portal_sewer_entry_f,
          hangedman_abyss_or_decor_passed
D:5:      layout_basic, minmay_temple_entry_statues
D:6:      layout_rooms, kennysheep_orc_sif_temple, serial_shops,
          nicolae_shop_tiny_glass, small_statue_intersection, uniq_sigmund
D:7:      layout_rooms, nicolae_overflow_hidden_temple, uniq_pikel
D:8:      layout_loops_cross, lemuel_round_altar,
          nicolae_wu_jian_immortal_techniques, special_room [special_room_orc],
          enter_bailey_5, kb_rosetta
D:9:      layout_basic, grunt_qazlal_sundering, kiku_gazebo_garden_becter,
          minmay_lair_entry_lava, grunt_ministairs_13
Temple:   compressed_dpeg_circular_temple

Skill      XL: |  1  2  3  4  5  6  7  8  9 10 |
---------------+-------------------------------+-----
Stealth        | 2 3 4 5 7 |  7.0
Transmutations | 3 4 5 |  5.1
Poison Magic   | 2 |  2.0
Fighting       | 3 4 5 7 |  7.0
Dodging        | 3 4 5 7 |  7.0
Spellcasting   | 3 4 |  4.0
Unarmed Combat | 4 5 7 |  7.0
Shields        | 4 5 7 |  7.0
Ice Magic      | 4 |  4.0

Action                     |  1- 3 |  4- 6 |  7- 9 | 10-12 || total
---------------------------+-------+-------+-------+-------++-------
  Melee: Unarmed           |    48 |    89 |   275 |   134 ||   546
         Kick              |    16 |    11 |    24 |     2 ||    53
         Constrict         |    14 |    12 |    16 |     2 ||    44
         Tentacles         |    14 |     7 |    17 |     3 ||    41
         Punch             |     1 |     1 |     2 |       ||     4
         Short sword       |       |    52 |    64 |    17 ||   133
   Cast: Beastly Appendage |    25 |    21 |     8 |     2 ||    56
         Spider Form       |       |     9 |    36 |    13 ||    58
         Ice Form          |       |       |     4 |    10 ||    14
Ability: End Transformatio |       |       |     1 |     6 ||     7
  Evoke: Wand              |       |       |       |     8 ||     8
         Box of beasts     |       |       |       |     1 ||     1
         Phial of floods   |       |       |       |     1 ||     1
    Use: Potion            |       |       |       |     4 ||     4
   Stab: Sleeping          |     8 |     6 |     4 |     1 ||    19
         Distracted        |       |       |     5 |       ||     5
 Armour: Skin              |     5 |    11 |    14 |    15 ||    45
  Dodge: Dodged            |    22 |    86 |   310 |   123 ||   541
  Block: Buckler           |       |       |    13 |     8 ||    21

Table legend: (Time is in decaauts)
 A = Elapsed time spent in this place.
 B = Non-inter-level travel time spent in this place.
 C = Inter-level travel time spent in this place.
 D = Time resting spent in this place.
 E = Time spent auto-exploring this place.
 F = Levels seen in this place.
 G = Mean time per level.
                   A        B        C        D        E       F      G
               +--------+--------+--------+--------+--------+-----+--------+
         Total |  11541 |   9967 |   1574 |   3372 |   3172 |  12 |  961.8 |
       Dungeon |  10575 |   9002 |   1573 |   2885 |   3122 |   9 | 1175.0 |
        Temple |     77 |     76 |      1 |      0 |      0 |   1 |   77.0 |
         Sewer |    161 |    161 |      0 |     76 |      0 |   1 |  161.0 |
        Bailey |    728 |    728 |      0 |    411 |     50 |   1 |  728.0 |
               +--------+--------+--------+--------+--------+-----+--------+

Top non-repeatable levels by time:
     D:8: 2170 daAuts
     D:6: 1735 daAuts
     D:5: 1248 daAuts
     D:7: 1089 daAuts
     D:3: 1087 daAuts
     D:4: 1019 daAuts
     D:1: 876 daAuts
     D:2: 839 daAuts
  Bailey: 728 daAuts
     D:9: 507 daAuts
   Sewer: 161 daAuts
  Temple: 77 daAuts
